 Dungeon Crawl Stone Soup version 0.19-a0-1886-gd64a0f0 (webtiles) character file.

590 Kirkhe the Chopper (level 7, -3/50 HPs)
             Began as a Demonspawn Gladiator on Oct 15, 2016.
             Slain by an ogre
             ... wielding a +0 giant club
              (10 damage)
             ... on level 5 of the Dungeon.
             The game lasted 00:06:54 (3880 turns).

Kirkhe the Chopper (Demonspawn Gladiator)           Turns: 3880, Time: 00:06:54

Health: -3/50      AC:  8    Str: 18    XL:     7   Next: 16%
Magic:  7/7        EV: 12    Int:  9    God:
Gold:   174        SH:  4    Dex: 16    Spells: 0 memorised, 6 levels left

rFire  + . .     SeeInvis .     a - +0 war axe
rCold  . . .     Gourm    .     e - +0 ring mail
rNeg   . . .     Faith    .     (no shield)
rPois  .         Spirit   .     (helmet restricted)
rElec  .         Dismiss  .     (no cloak)
rCorr  .         Reflect  .     (no gloves)
MR     .....     Harm     .     t - +2 pair of boots {Fly}
Stlth  +.........               (no amulet)
                                u - +3 ring of dexterity
                                m - ring of protection from fire

@: flying
A: antennae 1, large bone plates 1, demonic guardian 1
a: Stop Flying


You were on level 5 of the Dungeon.
You were hungry.

You visited 1 branch of the dungeon, and saw 5 of its levels.

You collected 174 gold pieces.

Inventory:

Hand Weapons
 a - a +0 war axe (weapon)
Missiles
 d - 3 throwing nets (quivered)
Armour
 c - a +0 helmet
 e - a +0 ring mail (worn)
 t - a +2 pair of boots of flying (worn)
Magical Staves
 b - an uncursed staff of air
Jewellery
 m - a ring of protection from fire (left hand)
 u - a +3 ring of dexterity (right hand)
Wands
 r - a wand of paralysis (15/24)
Scrolls
 i - 5 scrolls of remove curse
 k - a scroll of teleportation
 o - a scroll of fear
 q - 2 scrolls of amnesia
Potions
 h - a potion of beneficial mutation
 j - 3 potions of curing
 l - a potion of heal wounds
 n - a potion of lignification
 p - a potion of cancellation
 s - a potion of flight
Comestibles
 f - 3 bread rations
 g - 4 meat rations


   Skills:
 - Level 2.0 Fighting
 + Level 6.7 Axes
 - Level 1.7 Throwing
 + Level 3.1 Armour
 - Level 2.6 Dodging


You had 6 spell levels left.
You didn't know any spells.

Dungeon Overview and Level Annotations

Branches:
Dungeon (5/15)
 Temple: D:4-7

Altars:
Fedhas
Trog

Shops:
D:5 (


Innate Abilities, Weirdness & Mutations

You have a pair of small antennae on your head.
You are partially covered in large bone plates. (SH +4)
A weak demonic guardian rushes to your aid.


Message History

The ogre struggles against the net.
You hit the ogre.
The ogre is moderately wounded.
The ogre struggles against the net. x2
You hit the ogre.
The ogre is heavily wounded.
The ogre struggles against the net.
The net rips apart, and the ogre comes free!
You slash the ogre!
The ogre is almost dead.
The ogre hits you but does no damage.
You barely miss the ogre.
The ogre is almost dead.
The ogre hits you with a giant club!!
* * * LOW HITPOINT WARNING * * *
You are too injured to fight recklessly!
You hit the ogre but do no damage.
The ogre is almost dead.
The ogre hits you with a giant club!
You die...

### .##########... ..#
#####.............
#.##.................
.............................>.
.......# ....................(.
#.##.#.##......... ............
...............O.#+#...........
..##.#.## #@#.#...........
.....#.## #5..............
#.##....# ##..#...........
........# ####..#...........
...5....# #................#
####....#<...+.......##.#####.#
.............#.......##.#
#.##.........#.......##.#
#.##.........#.......##.# ###


You could see an ogre and a friendly ufetubus.

Vanquished Creatures
  An ogre (D:4)
  Blork the orc (D:4)
  A scorpion (D:5)
  A crimson imp (D:5)
  A bullfrog zombie (D:5)
  A jelly (D:5)
  Ijyb (D:2)
  A bullfrog skeleton (D:4)
  Natasha (D:2)
  An iguana (D:4)
  Robin (D:2)
  9 adders
  3 oozes
  4 worms
  2 dart slugs (D:2)
  3 leopard geckos
  A giant cockroach (D:4)
  14 goblins
  12 hobgoblins
  2 jackals (D:4)
  3 quokkas
  2 ball pythons
  8 bats
  2 frilled lizards
  7 kobolds
  6 rats
89 creatures vanquished.

Vanquished Creatures (collateral kills)
  Natasha (D:2)
  2 goblins (D:2)
3 creatures vanquished.

Grand Total: 92 creatures vanquished

Notes
Turn   | Place    | Note
-------+----------+-------------------------------------------
     0 | D:1      | Kirkhe the Demonspawn Gladiator began the quest for the Orb.
     0 | D:1      | Reached XP level 1. HP: 16/16 MP: 1/1
    98 | D:1      | Reached skill level 3 in Axes
   186 | D:1      | Gained mutation: A weak demonic guardian rushes to your aid. [demonic ancestry]
   186 | D:1      | Reached XP level 2. HP: 19/22 MP: 2/2
   553 | D:2      | Reached XP level 3. HP: 7/27 MP: 3/3
   858 | D:2      | Reached skill level 1 in Armour
  1201 | D:2      | Noticed Natasha
  1205 | D:2      | Killed Natasha
  1205 | D:2      | Reached skill level 4 in Axes
  1205 | D:2      | Gained mutation: You have a pair of small antennae on your head. [demonic ancestry]
  1205 | D:2      | Reached XP level 4. HP: 33/33 MP: 4/4
  1249 | D:2      | Found a blossoming altar of Fedhas.
  1466 | D:2      | Found a bloodstained altar of Trog.
  1541 | D:2      | Noticed Natasha
  1546 | D:2      | Killed Natasha
  1649 | D:2      | Noticed Robin
  1649 | D:2      | Reached XP level 5. HP: 18/38 MP: 5/5
  1651 | D:2      | Noticed Ijyb
  1709 | D:2      | Killed Ijyb
  1709 | D:2      | Reached skill level 5 in Axes
  1895 | D:2      | Killed Robin
  2674 | D:4      | Noticed Blork the orc
  2682 | D:4      | Killed Blork the orc
  2682 | D:4      | Gained mutation: You are partially covered in large bone plates. (SH +4) [demonic ancestry]
  2682 | D:4      | Reached XP level 6. HP: 38/44 MP: 6/6
  3201 | D:4      | Reached skill level 6 in Axes
  3383 | D:5      | Entered Level 5 of the Dungeon
  3593 | D:5      | Reached XP level 7. HP: 21/50 MP: 7/7
  3774 | D:5      | Found Zuvusyop's Weapon Emporium.
  3858 | D:5      | Identified a scroll of acquirement
  3880 | D:5      | Slain by an ogre

Vault maps used:
D:1:      doesnt_arrival_goblin_jail
D:2:      lemuel_doored_altar, lemuel_round_altar, minmay_pentomino_z4,
          uniq_iyjb, uniq_natasha, uniq_robin
D:3:      first_bread
D:4:      kennysheep_cross_bottleneck, minmay_strange_pillars,
          uniq_blork_the_orc
D:5:      serial_shops, shop, basic_altar, uniq_duvessa

Skill      XL: |  1  2  3  4  5  6  7 |
---------------+----------------------+-----
Axes           | 3 4 5 6 |  6.7
Armour         | 1 2 3 |  3.1
Fighting       | |  2.0
Throwing       | |  1.7
Dodging        | |  2.6

Action                   |  1- 3 |  4- 6 |  7- 9 || total
-------------------------+-------+-------+-------++-------
Melee: War axe           |   116 |   175 |    28 ||   319
Throw: Throwing net      |       |       |     1 ||     1
Evoke: Wand              |       |     1 |       ||     1
  Use: Potion            |     1 |       |       ||     1
       Scroll            |       |    13 |     2 ||    15
 Stab: Paralysed         |       |     3 |       ||     3
  Eat: Chunk             |     1 |     8 |       ||     9
Armor: Ring mail         |    62 |    49 |     5 ||   116
       Leather armour    |     5 |       |       ||     5
Dodge: Dodged            |    91 |    72 |    17 ||   180
Block: Other             |       |    12 |     1 ||    13
